 Dungeon Crawl Stone Soup version 0.26.0-41-g79a4fc7684 (webtiles) character file.

Game seed: 4035927313577018687

85 thiole the Sneak (level 4, -2/27 HPs)
             Began as an Octopode Hedge Wizard on Jan 27, 2021.
             Slain by an adder (3 damage)
             ... on level 4 of the Dungeon.
             The game lasted 00:04:32 (2974 turns).

thiole the Sneak (Octopode Hedge Wizard)            Turns: 2974, Time: 00:04:32

Health: -2/27      AC:  1    Str:  8 (9)  XL:     4   Next: 48%
Magic:  3/9        EV: 13    Int: 15 (17) God:
Gold:   108        SH:  0    Dex: 10 (11) Spells: 2/10 levels left

rFire    . . .     SeeInvis .   a - +0 dagger
rCold    . . .     Faith    .   (no shield)
rNeg     . . .     Spirit   .   b - +0 hat
rPois    .         Reflect  .   (no amulet)
rElec    .         Harm     .   (no ring)
rCorr    .         Rampage  .   (no ring)
Will     .....                  (no ring)
Stlth    +++.......             (no ring)
HPRegen  0.09/turn              (no ring)
MPRegen  0.11/turn              (no ring)
                                (no ring)
                                (no ring)

@: lethally poisoned (-2 -> -7), very slightly contaminated, hasted, very quick
A: almost no armour, stealthy swim, amphibious, 8 rings, constrict 8, camouflage
1, gelatinous body 1
a: no special abilities


You were on level 4 of the Dungeon.
You visited 1 branch of the dungeon, and saw 4 of its levels.

You collected 108 gold pieces.

Inventory:

Hand Weapons
 a - a +0 dagger (weapon)
Missiles
 h - 35 sling bullets
 i - 143 stones
Armour
 b - a +0 hat (worn)
Scrolls
 c - 3 scrolls of amnesia {unknown}
 d - 2 scrolls of identify {unknown}
 g - a scroll of fog {unknown}
 j - a scroll of teleportation {unknown}
Potions
 e - a potion of haste
 f - 2 potions of degeneration


   Skills:
 - Level 2.0 Dodging
 + Level 4.1 Stealth
 + Level 3.6 Spellcasting
 - Level 2.0 Conjurations
 - Level 2.0 Summonings
 - Level 1.0 Translocations


You had 2 spell levels left.
You knew the following spells:

 Your Spells              Type           Power        Failure   Level
a - Magic Dart            Conj           32%          9%          1
b - Call Imp              Summ           8%           13%         2
c - Blink                 Tloc           N/A          19%         2
d - Mephitic Cloud        Conj/Pois/Air  4%           41%         3

Your spell library contained the following spells:

 Spells                   Type           Power        Failure   Level
 Slow                     Hex            2%           28%         2
 Conjure Flame            Conj/Fire      5%           36%         3


Dungeon Overview and Level Annotations

Branches:
Dungeon (4/15)
 Temple: D:4-7

Altars:

Annotations:
D:3 Jessica, Pikel
D:4 Dowan, Duvessa


Innate Abilities, Weirdness & Mutations

You cannot wear most types of armour.
You are very stealthy in the water. (Stealth+)
You are amphibious.
You can wear up to eight rings at the same time.
You can use your tentacles to constrict eight enemies at once.
Your skin changes colour to match your surroundings (Stealth+).
Your rubbery body absorbs attacks. (AC +1, EV +1)


Message History

Confirm with . or Enter, or press ? or * to list all spells.
Aiming: Magic Dart (safe; 8% risk of failure)
Press: ? - help, Shift-Dir - straight line, f/p - adder
Aim: an adder (heavily wounded, 0% to evade)
The magic dart hits the adder.
The adder is severely wounded.
The adder bites you.
* * * LOW HITPOINT WARNING * * *
You are lethally poisoned!
The adder poisons you!
It was a potion of haste.
You feel yourself speed up.
* * * LOW HITPOINT WARNING * * *
You feel sick. The adder bites you.
* * * LOW HITPOINT WARNING * * *
Unknown command.
It was a potion of degeneration.
There was something very wrong with that liquid.
You feel weakened.
You feel dopey.
You feel clumsy. The adder bites you.
You die...

.. ... .
.... ..
....### ...
.....#. ...)
#....##
.....
#..S.#.....#
#...@..#
.......##.#
...>... #
.......
....(..
.......
.......
.###...


You could see an adder.

Vanquished Creatures
  A gnoll (D:1)
  2 adders (D:3)
  3 leopard geckos
  8 bats
  9 hobgoblins
  7 kobolds
  A quokka (D:2)
  2 frilled lizards
  6 goblins
  3 rats
42 creatures vanquished.

Vanquished Creatures (collateral kills)
  An adder (D:2)
  An ooze (D:2)
2 creatures vanquished.

Grand Total: 44 creatures vanquished

Notes
Turn   | Place    | Note
-------+----------+-------------------------------------------
     0 | D:1      | thiole the Octopode Hedge Wizard began the quest for the
                  | Orb.
     0 | D:1      | Reached XP level 1. HP: 11/11 MP: 4/4
   415 | D:1      | Reached XP level 2. HP: 11/17 MP: 4/6
   683 | D:1      | Reached skill level 3 in Stealth
   746 | D:1      | Reached XP level 3. HP: 12/21 MP: 0/7
   872 | D:1      | Learned a level 2 spell: Call Imp
   875 | D:1      | Learned a level 2 spell: Blink
   879 | D:1      | Learned a level 3 spell: Mephitic Cloud
  2232 | D:2      | Reached XP level 4. HP: 19/27 MP: 1/9
  2699 | D:2      | Noticed a sky beast
  2800 | D:3      | Reached skill level 4 in Stealth
  2932 | D:4      | Noticed Pikel
  2932 | D:4      | Noticed a lemure
  2932 | D:4      | Noticed a lemure
  2932 | D:4      | Noticed a lemure
  2932 | D:4      | Noticed a lemure
  2932 | D:4      | Noticed Duvessa
  2932 | D:4      | Noticed Dowan
  2953 | D:3      | Noticed Jessica
  2973 | D:4      | HP: 1/27 [adder (1)]
  2974 | D:4      | Slain by an adder

Illustrated notes

Levels and vault maps discovered:
D:1:      dpeg_arrival_ternary, layout_loops_cross,
          ebering_dispersal_statue_hall
D:2:      layout_basic
D:3:      minmay_goblin_kobold_castle, layout_loops_cross, uniq_grinder,
          uniq_crazy_yiuf_cottage, uniq_jessica, uniq_terence
D:4:      layout_cave_pools, minmay_temple_entry_poolview,
          grunt_ashenzari_visionary [grunt_ashenzari_visionary_swamp,
          grunt_ashenzari_visionary_snake], uniq_pikel, uniq_duvessa,
          uniq_blork_the_orc

Skill      XL: |  1  2  3  4 |
---------------+-------------+-----
Stealth        | 3 4 |  4.1
Conjurations   | 2 |  2.0
Summonings     | 2 |  2.0
Dodging        | |  2.0
Spellcasting   | |  3.6
Translocations | |  1.0

Action                   |  1- 3 |  4- 6 || total
-------------------------+-------+-------++-------
Melee: Dagger            |    26 |     1 ||    27
       Tentacles         |     5 |       ||     5
       Constrict         |     5 |       ||     5
       Unarmed           |       |     2 ||     2
 Cast: Magic Dart        |    81 |    28 ||   109
       Call Imp          |     4 |     1 ||     5
  Use: Potion            |       |     2 ||     2
 Stab: Sleeping          |       |     1 ||     1
Armor: Skin              |     4 |     1 ||     5
Dodge: Dodged            |    32 |     7 ||    39
